3AA
WESTWOOD SIXSHOOTERS @ BILLINGS POLAR BEARS
09/02/2026
 
TOP OF THE 1ST
Westwood Sixshooters batting - Pitching for Billings Polar Bears : RHP Mario González
Pitching: RHP Mario González
Batting: RHB Jesús Vargas 0-0: Ball
1-0: Foul Ball, location: 2F
1-1: Called Strike
1-2: Fly out, F5 (Popup, 5L)
Batting: LHB José Barrón 0-0: Ball
1-0: Foul Ball, location: 2F
1-1: Ball
2-1: Foul Ball, location: 2F
2-2: Foul Ball, location: 2F
2-2: Foul Ball, location: 2F
2-2: Ball
3-2: Strikes out swinging
Batting: RHB José Carlos Pérez 0-0: Ball
1-0: Ground out 3-1 (Groundball, 34)
Top of the 1st over - 0 run(s), 0 hit(s), 0 error(s), 0 left on base; Westwood 0 - Billings 0
BOTTOM OF THE 1ST
Billings Polar Bears batting - Pitching for Westwood Sixshooters : RHP Roosevelt Guimond
Pitching: RHP Roosevelt Guimond
Batting: RHB Jeff Conn 0-0: Called Strike
0-1: Ball
1-1: Called Strike
1-2: Foul Ball, location: 2F
1-2: Ball
2-2: Ball
3-2: Base on Balls
Batting: RHB Tom Milligan 0-0: Ball
1-0: Ball
2-0: Foul Ball, location: 2F
2-1: Fly out, F4 (Popup, 34)
Batting: LHB Víctor Fortis 0-0: Ball
1-0: Ball
2-0: Foul Ball, location: 2F
2-1: Ball
3-1: Swinging Strike
3-2: Base on Balls
Jeff Conn to second
Batting: RHB Matt Roloff 0-0: Called Strike
0-1: Ball
1-1: Ball
2-1: Swinging Strike
2-2: Ball
3-2: Base on Balls
Jeff Conn to third
Víctor Fortis to second
Batting: LHB Homer Spence 0-0: Ball
1-0: Foul Ball, location: 2F
1-1: Foul Ball, location: 2F
1-2: Foul Ball, location: 2F
1-2: Strikes out swinging
Batting: RHB Fernando Trinidad 0-0: Ball
1-0: Called Strike
1-1: Foul Ball, location: 2F
1-2: Foul Ball, location: 2F
1-2: Ball
2-2: Strikes out swinging
Bottom of the 1st over - 0 run(s), 0 hit(s), 0 error(s), 3 left on base; Westwood 0 - Billings 0
TOP OF THE 2ND
Westwood Sixshooters batting - Pitching for Billings Polar Bears : RHP Mario González
Batting: RHB Luis Ríos 0-0: Called Strike
0-1: Called Strike
0-2: Strikes out swinging
Batting: SHB Bob Rogers 0-0: Called Strike
0-1: Swinging Strike
0-2: Fly out, F9 (Flyball, 9LM)
Batting: RHB Leo Shoemaker 0-0: Ball
1-0: Called Strike
1-1: Ball
2-1: Foul Ball, location: 2F
2-2: Ball
3-2: Foul Ball, location: 2F
3-2: Foul Ball, location: 2F
3-2: Ground out 5-3 (Groundball, 5)
Top of the 2nd over - 0 run(s), 0 hit(s), 0 error(s), 0 left on base; Westwood 0 - Billings 0
BOTTOM OF THE 2ND
Billings Polar Bears batting - Pitching for Westwood Sixshooters : RHP Roosevelt Guimond
Batting: RHB Nathan Landrum 0-0: Swinging Strike
0-1: Called Strike
0-2: Ball
1-2: Foul Ball, location: 2F
1-2: Foul Ball, location: 2F
1-2: Foul Ball, location: 2F
1-2: Ball
2-2: Ball
3-2: Ground out 6-3 (Groundball, 6)
Batting: RHB Manny Alemán 0-0: Ball
1-0: Ground out 1-3 (Groundball, P)
Batting: RHB Lúcio Marín 0-0: Swinging Strike
0-1: Foul Ball, location: 2F
0-2: Ball
1-2: Ground out U3 (Groundball, 3L)
Bottom of the 2nd over - 0 run(s), 0 hit(s), 0 error(s), 0 left on base; Westwood 0 - Billings 0
TOP OF THE 3RD
Westwood Sixshooters batting - Pitching for Billings Polar Bears : RHP Mario González
Batting: RHB Winston Sparks 0-0: Ball
1-0: Called Strike
1-1: Called Strike
1-2: Ball
2-2: Ball
3-2: Base on Balls
Batting: SHB Ramón García 0-0: Called Strike
0-1: Swinging Strike
0-2: Ball
1-2: Strikes out swinging
Batting: RHB Nick Hoskins 0-0: Ball
1-0: SINGLE (Flyball, 8LS)
Winston Sparks to second
Pitching: RHP Isei Sugimoto
Batting: RHB Jesús Vargas 0-0: Fly out, F8 (Flyball, 8LD)
Runner from 2nd tags up, SAFE at 3rd, no throw
Batting: LHB José Barrón 0-0: Called Strike
0-1: Called Strike
0-2: Strikes out swinging
Top of the 3rd over - 0 run(s), 1 hit(s), 0 error(s), 2 left on base; Westwood 0 - Billings 0
BOTTOM OF THE 3RD
Billings Polar Bears batting - Pitching for Westwood Sixshooters : RHP Roosevelt Guimond
Batting: RHB Jeff Conn 0-0: Called Strike
0-1: Ball
1-1: Ball
2-1: Ball
3-1: Base on Balls
Batting: RHB Tom Milligan 0-0: Ball
1-0: Ball
2-0: Foul Ball, location: 2F
2-1: DOUBLE (Line Drive, 7)
Jeff Conn to third
Runner from 3rd tries for Home, SAFE, no throw
Batting: LHB Víctor Fortis 0-0: Ball
1-0: Ball
2-0: Ball
3-0: Called Strike
3-1: Called Strike
3-2: Ground out 6-3 (Groundball, 6)
Tom Milligan to third
Batting: RHB Matt Roloff 0-0: Ball
1-0: Ball
2-0: Ball
3-0: Base on Balls
Batting: LHB Homer Spence 0-0: Foul Ball, location: 2F
0-1: Ball
1-1: Called Strike
1-2: Ground out 4-3 (Groundball, 34)
Tom Milligan scores
Matt Roloff to second
Batting: RHB Fernando Trinidad 0-0: Ball
1-0: Foul Ball, location: 2F
1-1: Ball
2-1: Swinging Strike
2-2: Ball
3-2: Foul Ball, location: 2F
3-2: Strikes out swinging
Bottom of the 3rd over - 2 run(s), 1 hit(s), 0 error(s), 1 left on base; Westwood 0 - Billings 2
TOP OF THE 4TH
Westwood Sixshooters batting - Pitching for Billings Polar Bears : RHP Isei Sugimoto
Batting: RHB José Carlos Pérez 0-0: Foul Ball, location: 2F
0-1: Ball
1-1: Ball
2-1: Called Strike
2-2: Foul Ball, location: 2F
2-2: DOUBLE (Line Drive, 8LD)
Batting: RHB Luis Ríos 0-0: Ball
1-0: Ball
2-0: Ball
3-0: Called Strike
3-1: Fly out, F9 (Line Drive, 9)
Batting: SHB Bob Rogers 0-0: Ball
1-0: Ball
2-0: SINGLE (Line Drive, 4D)
José Carlos Pérez to third
Runner from 3rd tries for Home, SAFE, no throw
Batting: RHB Leo Shoemaker 0-0: Foul Ball, location: 2F
0-1: Ball
1-1: Ball
2-1: Foul Ball, location: 2F
2-2: Strikes out looking
Batting: RHB Winston Sparks 0-0: Called Strike
0-1: Ball
1-1: Ball
2-1: Called Strike
2-2: Foul Ball, location: 2F
2-2: Ball
Bob Rogers steals 2nd base
3-2: Base on Balls
Pitching: RHP Jim Unknown
Batting: SHB Ramón García 0-0: Called Strike
0-1: Ground out 3-1 (Groundball, 34)
Top of the 4th over - 1 run(s), 2 hit(s), 0 error(s), 2 left on base; Westwood 1 - Billings 2
BOTTOM OF THE 4TH
Billings Polar Bears batting - Pitching for Westwood Sixshooters : RHP Roosevelt Guimond
Batting: RHB Nathan Landrum 0-0: Ball
1-0: Foul Ball, location: 2F
1-1: Ground out 5-3 (Groundball, 2L)
Pitching: RHP Bill Beauregard
Batting: RHB Manny Alemán 0-0: Foul Ball, location: 2F
0-1: Ball
1-1: Ball
2-1: Ball
3-1: Called Strike
3-2: Base on Balls
Batting: RHB Lúcio Marín 0-0: Ball
1-0: Fly out, F9 (Flyball, 9S)
Batting: RHB Jeff Conn 0-0: Called Strike
0-1: Ball
1-1: Ball
2-1: Called Strike
2-2: SINGLE (Groundball, 34D)
Manny Alemán to second
Runner from 2nd tries for 3rd, SAFE, throw made to third
Batting: RHB Tom Milligan 0-0: Ball
1-0: Foul Ball, location: 2F
1-1: Foul Ball, location: 2F
1-2: Hit by Pitch
Jeff Conn to second
Batting: LHB Víctor Fortis 0-0: Foul Ball, location: 2F
0-1: Ground out U3 (Groundball, 34S)
Bottom of the 4th over - 0 run(s), 1 hit(s), 0 error(s), 3 left on base; Westwood 1 - Billings 2
TOP OF THE 5TH
Westwood Sixshooters batting - Pitching for Billings Polar Bears : RHP Jim Unknown
Batting: RHB Nick Hoskins 0-0: Called Strike
0-1: Called Strike
0-2: Ball
1-2: Strikes out swinging, 2-3 out at first.
Batting: RHB Jesús Vargas 0-0: Fly out, F6 (Line Drive, 6)
Batting: LHB José Barrón 0-0: Called Strike
0-1: Foul Ball, location: 2F
0-2: Strikes out swinging
Top of the 5th over - 0 run(s), 0 hit(s), 0 error(s), 0 left on base; Westwood 1 - Billings 2
BOTTOM OF THE 5TH
Billings Polar Bears batting - Pitching for Westwood Sixshooters : RHP Bill Beauregard
Batting: RHB Matt Roloff 0-0: Ball
1-0: Ball
2-0: Foul Ball, location: 2F
2-1: SINGLE (Line Drive, 56D)
Batting: LHB Homer Spence 0-0: Ball
1-0: Foul Ball, location: 2F
1-1: Called Strike
1-2: Ball
2-2: Strikes out swinging
Batting: RHB Fernando Trinidad 0-0: Called Strike
0-1: Ball
1-1: Ball
2-1: Foul Ball, location: 2F
2-2: Fly out, F8 (Line Drive, 78D)
Batting: RHB Nathan Landrum 0-0: Ball
1-0: Ball
2-0: Foul Ball, location: 2F
2-1: Foul Ball, location: 2F
2-2: Ball
3-2: SINGLE (Groundball, 34D)
Matt Roloff to second
Matt Roloff to third
Batting: RHB Manny Alemán 0-0: Ball
Wild Pitch!
Matt Roloff scores
Nathan Landrum to second
1-0: Fly out, F8 (Flyball, 8RM)
Bottom of the 5th over - 1 run(s), 2 hit(s), 0 error(s), 1 left on base; Westwood 1 - Billings 3
TOP OF THE 6TH
Westwood Sixshooters batting - Pitching for Billings Polar Bears : RHP Jim Unknown
Batting: RHB José Carlos Pérez 0-0: Called Strike
0-1: Called Strike
0-2: Foul Ball, location: 2F
0-2: TRIPLE (Flyball, 8LXD)
Batting: RHB Luis Ríos 0-0: Called Strike
0-1: Hit by Pitch
Batting: SHB Bob Rogers 0-0: Called Strike
0-1: Ball
1-1: Ball
2-1: Ball
3-1: Base on Balls
Luis Ríos to second
Batting: RHB Leo Shoemaker 0-0: Swinging Strike
0-1: Ball
1-1: Ball
2-1: Swinging Strike
2-2: Strikes out swinging
Batting: RHB Winston Sparks 0-0: Called Strike
0-1: Foul Ball, location: 2F
0-2: Foul Ball, location: 2F
0-2: Strikes out swinging
Batting: SHB Ramón García 0-0: Called Strike
0-1: SINGLE (Line Drive, 8LS)
José Carlos Pérez scores
Luis Ríos to third
Bob Rogers to second
Runner from 3rd tries for Home, SAFE, no throw
Batting: RHB Nick Hoskins 0-0: Called Strike
0-1: Foul Ball, location: 2F
0-2: Strikes out swinging
Top of the 6th over - 2 run(s), 2 hit(s), 0 error(s), 2 left on base; Westwood 3 - Billings 3
BOTTOM OF THE 6TH
Billings Polar Bears batting - Pitching for Westwood Sixshooters : RHP Bill Beauregard
Batting: RHB Lúcio Marín 0-0: Called Strike
0-1: Foul Ball, location: 2F
0-2: Fly out, F9 (Flyball, 89M)
Batting: RHB Jeff Conn 0-0: Fly out, F4 (Line Drive, 4)
Batting: RHB Tom Milligan 0-0: Ball
1-0: Foul Ball, location: 2F
1-1: Foul Ball, location: 2F
1-2: Ball
2-2: Foul Ball, location: 2F
2-2: Ground out 5-3 (Groundball, 56S)
Bottom of the 6th over - 0 run(s), 0 hit(s), 0 error(s), 0 left on base; Westwood 3 - Billings 3
TOP OF THE 7TH
Westwood Sixshooters batting - Pitching for Billings Polar Bears : RHP Jim Unknown
Batting: RHB Jesús Vargas 0-0: Ball
1-0: Swinging Strike
1-1: Foul Ball, location: 2F
1-2: Strikes out looking
Batting: LHB José Barrón 0-0: Ball
1-0: Called Strike
1-1: Foul Ball, location: 2F
1-2: Foul Ball, location: 2F
1-2: Ground out 5-3 (Groundball, 56)
Now at 3B: Landon Lovelace
Batting: RHB José Carlos Pérez 0-0: Called Strike
0-1: Swinging Strike
0-2: SINGLE (Groundball, 4MD)
Batting: RHB Luis Ríos 0-0: Ball
1-0: Swinging Strike
1-1: Ball
2-1: Ball
3-1: Ground out U3 (Groundball, 3)
Top of the 7th over - 0 run(s), 1 hit(s), 0 error(s), 1 left on base; Westwood 3 - Billings 3
BOTTOM OF THE 7TH
Billings Polar Bears batting - Pitching for Westwood Sixshooters : RHP Bill Beauregard
Batting: LHB Víctor Fortis 0-0: Ball
1-0: SINGLE (Flyball, 89S)
Batting: RHB Matt Roloff 0-0: Foul Ball, location: 2F
0-1: Ball
1-1: Foul Ball, location: 2F
1-2: SINGLE (Line Drive, 7LS)
Víctor Fortis to second
Pitching: LHP Joe Terry
Pinch Hitting: RHB Vicente Quezada 0-0: Called Strike
0-1: Ball
1-1: Ball
2-1: 3-RUN HOME RUN (Line Drive, 7D), Distance : 402 ft
Batting: RHB Fernando Trinidad 0-0: Ball
1-0: Called Strike
1-1: Ball
2-1: Ball
3-1: Foul Ball, location: 2F
3-2: SINGLE (Groundball, 6MD)
Batting: RHB Nathan Landrum 0-0: Called Strike
0-1: Sac Bunt - play at first, batter OUT! 1-3
Fernando Trinidad to second
Batting: RHB Manny Alemán 0-0: Intentional Walk
Batting: SHB Landon Lovelace 0-0: Ball
1-0: Swinging Strike
1-1: Ball
2-1: Ball
3-1: Foul Ball, location: 2F
3-2: Foul Ball, location: 2F
3-2: Base on Balls
Fernando Trinidad to third
Manny Alemán to second
Batting: RHB Jeff Conn 0-0: Called Strike
0-1: Grounds into fielders choice 1-2 (Groundball, 15S)
Manny Alemán to third
Landon Lovelace to second
Batting: RHB Tom Milligan 0-0: Ball
1-0: Fly out, F8 (Flyball, 8RS)
Bottom of the 7th over - 3 run(s), 4 hit(s), 0 error(s), 3 left on base; Westwood 3 - Billings 6
TOP OF THE 8TH
Westwood Sixshooters batting - Pitching for Billings Polar Bears : RHP Jim Unknown
Pitching: LHP Jim Unknown
Now in LF: Vicente Quezada
Batting: SHB Bob Rogers 0-0: SINGLE (Groundball, 6MD)
Batting: RHB Leo Shoemaker 0-0: Ball
1-0: Grounds into double play, 6-4-3 (Groundball, 6)
Batting: RHB Winston Sparks 0-0: Ground out 6-3 (Groundball, 6)
Top of the 8th over - 0 run(s), 1 hit(s), 0 error(s), 0 left on base; Westwood 3 - Billings 6
BOTTOM OF THE 8TH
Billings Polar Bears batting - Pitching for Westwood Sixshooters : LHP Joe Terry
Batting: LHB Víctor Fortis 0-0: Called Strike
0-1: Ball
1-1: Swinging Strike
1-2: Ball
2-2: Ball
3-2: Base on Balls
Batting: RHB Matt Roloff 0-0: Ball
Passed Ball!
Víctor Fortis to second
1-0: Called Strike
1-1: Ball
2-1: Called Strike
2-2: Ground out 6-3 (Groundball, 6S)
Víctor Fortis to third
Batting: RHB Vicente Quezada 0-0: Ball
1-0: Ball
2-0: Called Strike
2-1: Ball
3-1: Foul Ball, location: 2F
3-2: Foul Ball, location: 2F
3-2: Foul Ball, location: 2F
3-2: Base on Balls
Batting: RHB Fernando Trinidad 0-0: Fly out, F8 (Flyball, 8RM)
Runner from 3rd tags up, SCORES, throw made
Batting: RHB Nathan Landrum 0-0: Foul Ball, location: 2F
0-1: Fly out, F8 (Flyball, 8LM)
Bottom of the 8th over - 1 run(s), 0 hit(s), 0 error(s), 1 left on base; Westwood 3 - Billings 7
TOP OF THE 9TH
Westwood Sixshooters batting - Pitching for Billings Polar Bears : LHP Jim Unknown
Batting: SHB Ramón García 0-0: Swinging Strike
0-1: Ball
1-1: Foul Ball, location: 2F
1-2: Ball
2-2: Strikes out swinging
Batting: RHB Nick Hoskins 0-0: Foul Ball, location: 2F
0-1: Ball
1-1: Foul Ball, location: 2F
1-2: Ball
2-2: Foul Ball, location: 2F
2-2: Ground out 6-3 (Groundball, 56)
Batting: RHB Jesús Vargas 0-0: Called Strike
0-1: SINGLE (Flyball, 6MD)
Batting: LHB José Barrón 0-0: Called Strike
0-1: Called Strike
0-2: Fly out, F7 (Flyball, 7LS)
Top of the 9th over - 0 run(s), 1 hit(s), 0 error(s), 1 left on base; Westwood 3 - Billings 7
Monday, March 20th, 2017 - OOTP Baseball 17.12 Build 75